Map: Void Launch

Players

raincamp

  • Race: Protoss Protoss
  • Spawn Location: 6:00

raincamp

  • Race: Terran Terran
  • Spawn Location: 6:00

VOD

Have the link to the VOD?

Description

Time

  • Played on: Aug. 20, 2017, 3:47 a.m.
  • Length: 27:34
Show
View Real Time Build Order
Export as new Build Order

raincamp Protoss 

Build Orders:  

Get SALT Encoding   

  12  0:17  Probe (Chrono Boost)  
  13  0:22  Assimilator  
  13  0:31  Probe (Chrono Boost)  
  13  0:33  Assimilator  
  14  0:45  Probe (Chrono Boost)  
  15  0:55  Dark Pylon  
  15  1:06  Gateway  
  15  1:09  Probe (Chrono Boost)  
  16  1:20  Pylon  
  16  1:23  Probe (Chrono Boost)  
  17  1:37  Probe (Chrono Boost)  
  18  1:51  Probe (Chrono Boost)  
  18  1:58  Forge  
  19  2:05  Probe (Chrono Boost)  
  20  2:12  Cybernetics Core  
  20  2:19  Probe (Chrono Boost)  
  21  2:33  Probe (Chrono Boost)  
  22  2:47  Probe (Chrono Boost)  
  23  3:00  Probe (Chrono Boost)  
  23  3:05  Death Council  
  24  3:29  Probe (Chrono Boost)  
  25  3:42  Probe (Chrono Boost)  
  26  3:56  Probe (Chrono Boost)  
  27  4:00  Assimilator  
  27  4:04  Warp Gate  
  27  4:05  Assimilator  
  27  4:10  Probe (Chrono Boost), Nexus  
  27  4:15  Photon Cannon  
  27  4:16  Photon Cannon  
  28  4:22  Photon Cannon  
  28  4:27  Probe (Chrono Boost)  
  29  4:37  Dark Shrine  
  29  4:45  Probe (Chrono Boost)  
  30  4:59  Probe (Chrono Boost)  
  30  5:08  Gateway  
  31  5:11  Stargate  
  31  5:21  Gateway  
  31  5:48  Pylon  
  31  5:53  Dark Templar  
  33  6:04  Probe x2 (Chrono Boost)  
  35  6:18  Probe x2 (Chrono Boost)  
  37  6:32  Fleet Beacon  
  37  6:38  Stargate  
  37  6:42  Photon Cannon  
  37  6:46  Photon Cannon  
  37  6:50  Pylon  
  37  6:59  Dark Templar  
  39  7:00  Dark Templar x2  
  39  7:07  Corsair  
  45  7:13  Probe x2 (Chrono Boost)  
  47  7:29  Shadow Fury (Chrono Boost)  
  47  7:30  Gateway  
  47  7:32  Protoss Ground Weapons Level 1  
  47  7:34  Protoss Air Weapons Level 1  
  47  7:47  Dark Templar  
  47  7:48  Dark Templar  
  51  8:11  Pylon  
  51  8:27  Pylon  
  51  8:48  Dark Templar x3  
  57  9:04  Stealth Drive (Chrono Boost)  
  57  9:14  Dark Templar Blink (Chrono Boost)  
  57  9:15  Dark Templar  
  57  9:19  Corsair  
  59  9:25  Corsair  
  63  9:39  Pylon  
  63  9:47  Corsair  
  63  9:54  Dark Templar x2  
  63  9:55  Dark Templar  
  71  10:00  Corsair  
  73  10:16  Corsair  
  73  10:23  Disruption Web (Chrono Boost)  
  75  10:35  Corsair  
  77  10:44  Corsair  
  79  11:10  Corsair  
  79  11:13  Corsair  
  83  11:44  Dark Templar  
  85  11:54  Protoss Ground Weapons Level 2  
  85  11:55  Protoss Air Weapons Level 2  
  85  12:03  Pylon  
  85  12:07  Pylon  
  85  12:15  Pylon  
  85  12:17  Pylon  
  85  12:27  Corsair x2 (Chrono Boost)  
  89  12:45  Dark Templar x4  
  97  12:55  Corsair x2 (Chrono Boost)  
  101  13:04  Probe x2  
  103  13:24  Corsair x2 (Chrono Boost)  
  107  13:41  Dark Templar x2  
  107  13:42  Dark Templar x2  
  115  14:01  Pylon  
  115  14:08  Pylon  
  115  14:15  Pylon  
  115  14:17  Assimilator  
  115  14:18  Pylon, Corsair (Chrono Boost)  
  117  14:23  Assimilator  
  117  14:25  Corsair (Chrono Boost)  
  117  14:27  Nexus  
  119  14:45  Dark Templar x3  
  119  14:46  Dark Templar  
  127  14:56  Dark Pylon  
  127  15:09  Corsair x2 (Chrono Boost)  
  131  15:43  Probe x2  
  133  15:58  Pylon  
  133  16:00  Probe x2  
  133  16:02  Pylon  
  133  16:05  Dark Templar x3  
  133  16:06  Dark Templar, Corsair x2 (Chrono Boost)  
  147  16:17  Probe x2  
  149  16:34  Corsair (Chrono Boost), Probe  
  149  16:35  Corsair (Chrono Boost)  
  146  16:53  Dark Pylon  
  146  17:03  Corsair x2 (Chrono Boost)  
  144  17:11  Dark Templar  
  144  17:12  Dark Templar x3  
  149  17:32  Corsair x2 (Chrono Boost)  
  151  17:52  Probe  
  151  17:55  Probe x2  
  154  18:00  Corsair x2 (Chrono Boost)  
  154  18:06  Probe  
  159  18:12  Probe  
  159  18:13  Pylon  
  159  18:14  Dark Templar x3  
  159  18:15  Dark Templar  
  159  18:16  Pylon  
  168  18:20  Pylon  
  168  18:25  Pylon  
  168  18:40  Corsair (Chrono Boost)  
  168  18:41  Corsair (Chrono Boost)  
  168  18:47  Photon Cannon  
  172  18:52  Photon Cannon  
  172  18:55  Photon Cannon x2  
  172  18:57  Photon Cannon  
  172  18:59  Probe  
  172  19:02  Probe x2  
  172  19:05  Photon Cannon  
  172  19:06  Photon Cannon  
  172  19:09  Photon Cannon, Corsair x2 (Chrono Boost)  
  175  19:11  Photon Cannon  
  175  19:13  Probe  
  180  19:47  Probe  
  180  19:50  Probe x2  
  176  20:00  Probe  
  176  20:02  Dark Templar  
  176  20:03  Dark Templar x3  
  176  20:07  Probe  
  169  20:49  Photon Cannon  
  168  20:51  Photon Cannon  
  168  20:54  Photon Cannon  
  168  20:55  Dark Templar x3, Photon Cannon  
  168  20:56  Dark Templar  
  168  20:57  Photon Cannon  
  168  20:58  Photon Cannon  
  174  21:04  Photon Cannon  
  174  21:06  Photon Cannon  
  174  21:16  Photon Cannon x2  
  174  21:50  Photon Cannon  
  174  21:51  Photon Cannon  
  174  21:52  Photon Cannon  
  174  21:55  Corsair x2 (Chrono Boost)  
  174  21:57  Photon Cannon  
  178  22:08  Protoss Ground Weapons Level 3  
  178  22:24  Corsair (Chrono Boost)  
  179  22:34  Dark Templar x3  
  179  22:35  Dark Templar  
  186  22:51  Photon Cannon  
  186  22:55  Photon Cannon  
  186  22:57  Photon Cannon  
  185  23:09  Pylon  
  185  23:12  Pylon  
  185  23:37  Corsair x2 (Chrono Boost)  
  189  23:53  Pylon, Photon Cannon  
  189  23:54  Photon Cannon  
  189  23:55  Photon Cannon  
  189  23:56  Pylon  
  189  23:57  Photon Cannon  
  189  24:03  Pylon  
  189  24:05  Corsair x2 (Chrono Boost)  
  189  24:06  Photon Cannon  
  189  24:07  Pylon, Photon Cannon  
  189  24:08  Photon Cannon  
  193  24:13  Photon Cannon  
  193  24:14  Photon Cannon  
Show
View Real Time Build Order
Export as new Build Order

raincamp Terran 

Build Orders:  

Get SALT Encoding   

  12  0:46  Supply Depot  
Tags
 
Add a new tag
Caveats
  • Supply blocks, unpowered buildings, or Contaminate may cause inaccurate times.
  • Supply counts are checked every 10 seconds.